 Dungeon Crawl Stone Soup version 0.29.0-4-gdea44cf6ec (webtiles) character file.

Game seed: 1795875554059204884

24 qw the Chopper (level 3, -1/21 HPs)
             Began as a Tengu Warper on Aug 28, 2022.
             Succumbed to their own poison gas
             ... on level 1 of the Dungeon.
             The game lasted 00:00:04 (587 turns).

qw the Chopper (Tengu Warper)                        Turns: 587, Time: 00:00:05

Health: -1/21      AC:  5    Str: 13    XL:     3   Next: 2%
Magic:  7/7        EV: 11    Int: 13    God:
Gold:   30         SH:  0    Dex: 13    Spells: 6/6 levels left

rFire   . . .      SeeInvis .   Y - +0 hand axe
rCold   . . .      Faith    .   (no shield)
rNeg    . . .      Spirit   .   o - +0 ring mail
rPois   .          Reflect  .   (helmet restricted)
rElec   .          Harm     .   (no cloak)
rCorr   .          Rampage  .   (no gloves)
Will    .....                   (boots unavailable)
Stlth   +.........              (no amulet)
HPRegen 0.07/turn               (no ring)
MPRegen 0.10/turn               (no ring)

@: lethally poisoned (-1 -> -7)
A: beak, talons 3
a: no special abilities


You were on level 1 of the Dungeon.
You visited 1 branch of the dungeon, and saw 1 of its levels.

You collected 30 gold pieces.


Innate Abilities, Weirdness & Mutations

You have a beak for a mouth.
You have claws for feet.


   Skills:
 - Level 2.0 Fighting
 + Level 3.7 Axes
 - Level 1.0 Throwing
 - Level 1.1 Armour
 - Level 2.1 Dodging
 - Level 2.0 Spellcasting
 - Level 2.4 Translocations


You had 6 spell levels left.
You didn't know any spells.
Your spell library contained the following spells:

 Spells                   Type           Power      Damage    Failure   Level
 Blink                    Tloc           14%        N/A       30%         2
 Gell's Gravitas          Tloc           7%         N/A       52%         3
 Lesser Beckoning         Tloc           7%         N/A       52%         3
 Teleport Other           Tloc           7%         N/A       52%         3
 Manifold Assault         Tloc           7%         N/A       99%         5

Inventory:

Hand Weapons
 f - a +0 whip
 Y - a +0 hand axe (weapon)
Missiles
 d - 7 boomerangs of dispersal
 j - 4 javelins (quivered)
Armour
 o - a +0 ring mail (worn)
Potions
 e - 2 potions of heal wounds
 l - a potion of might {unknown}

Dungeon Overview and Level Annotations

Branches:
Dungeon (1/15)

Altars:


Message History

The air fills with toxic fumes!
As you read the scroll labelled FOHAUBOKEU, it crumbles to dust.
It was a scroll of poison.
Done exploring.
577 ||| READING scroll labelled WOUXKO VEUD.
As you read the scroll labelled WOUXKO VEUD, it crumbles to dust.
It is a scroll of amnesia.
You feel forgetful for a moment.
Done exploring.
578 ||| READING scroll labelled PAATIT ZUROST.
As you read the scroll labelled PAATIT ZUROST, it crumbles to dust.
You feel momentarily disoriented.
It was a scroll of magic mapping.
Done exploring.
579 ||| DRINKING 3 grey potions.
It was a potion of heal wounds.
You feel much better.
Done exploring.
580 ||| DROPPING scroll of blinking.
You drop a scroll of blinking.
Done exploring.
(D) Dungeon
Where to? (* - list waypoints, ? - help)
What level of the Dungeon? (default 1, ? - help) Sorry, I don't know how to get there.
Done exploring.
581 ||| Stepping randomly (stuck).
Really walk into that cloud of poison gas?
You are engulfed in poison gas.
You are lethally poisoned!
You feel very sick.
582 ||| Stepping ~*~*~tactically~*~*~ (cloud).
You feel very sick.
You see here a scroll of blinking.
There is a lethal amount of poison in your body!
You feel very sick.
There is a lethal amount of poison in your body!
You feel sick.
There is a lethal amount of poison in your body!
You feel sick.
There is a lethal amount of poison in your body!
You feel sick.
There is a lethal amount of poison in your body!
You die...

###.......#####.....##......
######.#####...........##......
#.......# ###.........#....>..
#.#####.## ##.###..#%.#.......
#.# #.>####..# #.##..........
###.# ##.0.¤0.## #.#..#####..##
#.%.# ####00## #.#.## ##...
..#.######..¤.00####.#.# ####
...........####0@.##...# ######
.#.###.#..00.¤¤000¤¤0¤0#####.....
.........########00###¤0....%####
.#%###%#.# ##...000..########
.#.#/#.#.####....00000#
.#.###.#..........¤.00#
.................0.000#
.#%###.#......#####¤0¤#####
.........>....#######.....######


There were no monsters in sight!

Vanquished Creatures
  A dart slug (D:1)
  2 bats (D:1)
  An endoplasm (D:1)
  4 giant cockroaches (D:1)
  2 goblins (D:1)
  3 jackals (D:1)
  A quokka (D:1)
  A frilled lizard (D:1)
  A kobold (D:1)
  4 rats (D:1)
20 creatures vanquished.

Notes
Turn   | Place    | Note
-------+----------+-------------------------------------------
     0 | D:1      | qw the Tengu Warper began the quest for the Orb.
     0 | D:1      | Reached XP level 1. HP: 12/12 MP: 4/4
     0 | D:1      | 0 ||| qw: Version: 0.1-a-89-g26bdef1
     0 | D:1      | 0 ||| qw: Game counter: 2304
     0 | D:1      | 0 ||| qw: Always use a shield: true
     0 | D:1      | 0 ||| qw: God list: Okawaru
     0 | D:1      | 0 ||| qw: Allow faded altars: false
     0 | D:1      | 0 ||| qw: Do Orc after D:15 true
     0 | D:1      | 0 ||| qw: Do second Lair branch before Depths: true
     0 | D:1      | 0 ||| qw: Lair rune preference: random
     0 | D:1      | 0 ||| qw: Plans: Normal
     0 | D:1      | 0 ||| PLANNING D:1-11
   158 | D:1      | Reached XP level 2. HP: 17/17 MP: 6/6
   185 | D:1      | Reached skill level 3 in Axes
   201 | D:1      | 201 ||| Stepping ~*~*~tactically~*~*~ (stealth).
   521 | D:1      | Reached XP level 3. HP: 21/21 MP: 7/7
   557 | D:1      | 557 ||| UPGRADING to +0 ring mail.
   567 | D:1      | 567 ||| DROPPING +0 leather armour.
   568 | D:1      | 568 ||| READING scroll labelled INGAUQ VIAMPUWOWE.
   569 | D:1      | 569 ||| READING scroll labelled XER QIYPOGO.
   570 | D:1      | 570 ||| READING scroll labelled KEMEIR PEFE.
   571 | D:1      | 571 ||| READING scroll labelled QOUQUS WODU.
   576 | D:1      | 576 ||| READING scroll labelled FOHAUBOKEU.
   577 | D:1      | 577 ||| READING scroll labelled WOUXKO VEUD.
   578 | D:1      | 578 ||| READING scroll labelled PAATIT ZUROST.
   579 | D:1      | 579 ||| DRINKING 3 grey potions.
   580 | D:1      | 580 ||| DROPPING scroll of blinking.
   581 | D:1      | 581 ||| Stepping randomly (stuck).
   582 | D:1      | 582 ||| Stepping ~*~*~tactically~*~*~ (cloud).
   583 | D:1      | HP: 5/21 [poisoned by you (poison gas)]
   585 | D:1      | HP: 2/21 [poisoned by you (poison gas)]
   587 | D:1      | Succumbed to their own poison gas

Levels and vault maps discovered:
D:1:      dpeg_arrival_snail, layout_rooms, minmay_surrounded

Skill      XL: |  1  2 |
---------------+-------+-----
Axes           | 3 |  3.7
Fighting       | |  2.0
Throwing       | |  1.0
Armour         | |  1.1
Dodging        | |  2.1
Spellcasting   | |  2.0
Translocations | |  2.4

Action                   || total
-------------------------++-------
Melee: Hand axe          ||    31
       Kick              ||     6
       Peck              ||     2
Throw: Javelin           ||    22
  Use: Scroll            ||     7
       Potion            ||     1
Armor: Leather armour    ||     9
Dodge: Dodged            ||    26

Table legend:
 A = Non-vault XP
 B = Vault XP
 C = Vault XP percentage of total XP
 D = Non-vault monster count
 E = Vault monster count
 F = Vault count percentage of total count
                 A         B        C        D         E       F
            +---------+---------+-------+---------+---------+-------
      Total |      31 |       4 |  11.4 |      16 |       4 |  20.0
            +---------+---------+-------+---------+---------+-------
        D:1 |      31 |       4 |  11.4 |      16 |       4 |  20.0
            +---------+---------+-------+---------+---------+-------
